 Dungeon Crawl Stone Soup version 0.29-a0-341-g24ffce5b50 (webtiles) character file.

Game seed: 11503722454535447237

165 spaghetti the Ogre Mage (level 5, 0/59 HPs)
             Began as an Ogre Air Elementalist on Apr 20, 2022.
             Slain by an orc
             ... wielding a +0 hand axe
              (4 damage)
             ... on level 3 of the Dungeon.
             The game lasted 00:04:15 (2872 turns).

spaghetti the Ogre Mage (Ogre Air Elementalist)     Turns: 2872, Time: 00:04:15

Health: 0/59       AC:  3    Str:  9 (12) XL:     5   Next: 46%
Magic:  4/11       EV:  9    Int: 17 (18) God:
Gold:   167        SH:  0    Dex:  6 (9)  Spells: 11/12 levels left

rFire   . . .      SeeInvis .   i - +0 trident {polearm}
rCold   . . .      Faith    .   (no shield)
rNeg    . . .      Spirit   .   a - +0 robe
rPois   .          Reflect  .   (helmet restricted)
rElec   .          Harm     .   (no cloak)
rCorr   .          Rampage  .   (gloves unavailable)
Will    .....      Rage     1%  (boots unavailable)
Stlth   +.........              (no amulet)
HPRegen 0.19/turn               (no ring)
MPRegen 0.12/turn               (no ring)

@: attractive
A: large, unfitting armour, tough skin 1, berserk 1, robust 1
a: no special abilities


You were on level 3 of the Dungeon.
You visited 1 branch of the dungeon, and saw 3 of its levels.

You collected 167 gold pieces.


Innate Abilities, Weirdness & Mutations

You are too large for most types of armour.
You have tough skin. (AC +1)
You tend to lose your temper in combat.
You are robust. (+10% HP)


   Skills:
 * Level 3.9 Fighting
 - Level 1.7 Dodging
 - Level 1.4 Stealth
 * Level 4.3 Spellcasting
 - Level 0.8 Conjurations
 + Level 3.4 Air Magic


You had 11 spell levels left.
You knew the following spells:

 Your Spells              Type           Power      Damage    Failure   Level
a - Shock                 Conj/Air       40%        1d5       6%          1

Your spell library contained the following spells:

 Spells                   Type           Power      Damage    Failure   Level
 Static Discharge         Conj/Air       10%        N/A       10%         2
 Swiftness                Air            15%        N/A       11%         3
 Animate Skeleton         Necr           6%         N/A       16%         1
 Apportation              Tloc           6%         N/A       16%         1
 Summon Small Mammal      Summ           12%        N/A       16%         1
 Airstrike                Air            7%         N/A       36%         4

Inventory:

Hand Weapons
 g - a +0 mace {mace}
   (You found it on level 1 of the Dungeon)
 h - a +0 dagger {short}
   (You took it off a kobold on level 1 of the Dungeon)
 i - a +0 trident (weapon) {polearm}
   (You found it on level 1 of the Dungeon)
 k - a +0 club {mace}
   (You took it off a goblin on level 1 of the Dungeon)
Missiles
 d - 6 curare-tipped darts {=fthrowing}
 l - 89 stones {throwing}
Armour
 a - a +0 robe (worn)
Scrolls
 b - a scroll of enchant armour {unknown}
 e - a scroll of teleportation {unknown}
 f - 5 scrolls of identify {unknown}
 q - a scroll of magic mapping {unknown}
 s - a scroll of amnesia {unknown}

Dungeon Overview and Level Annotations

Branches:
Dungeon (3/15)

Altars:

########### #####
#.........# ....###
######.........# .......
#...##.......lg# .....#
#...##........w##.....##
+...........S.@oB).)..).
#...##.......B{##.....##
#...############ .....#
#...# ####!# #...# #
###...# ......#
...####### ...#.....#


You could see an orc (ally target), a giant cockroach, a friendly dart slug
(summoned), a friendly giant cockroach (summoned), a friendly hobgoblin
(summoned), a friendly ball python (summoned) and a friendly frilled lizard
(summoned).


Message History

You take 3 damage, and now have 40/54 hp.
You lost 1 mp, and now have 7/11 mp.
Aiming: Shock (safe; 6% risk of failure)
Press: ? - help, Q - select action, (/) - cycle Shift-Dir - straight line, f/p - hobgoblin
Aim: a hobgoblin (severely wounded, 68% to hit)
The zap hits the hobgoblin.
You kill the hobgoblin!
The orc shouts!
The orc closely misses you. Something hits you. 😮 HP[-3] MP[-1]
You take 3 damage, and now have 37/54 hp.
You lost 1 mp, and now have 6/11 mp.
Aiming: Shock (safe; 6% risk of failure)
Press: ? - help, Q - select action, (/) - cycle Shift-Dir - straight line, f - orc
Aim: an orc, wielding a +0 hand axe and wearing a +0 leather armour (heavily wounded, 68% to hit)
The zap hits the orc.
Something hits you. The orc closely misses you. 😮 MP[-1]
You lost 1 mp, and now have 5/11 mp.
Aiming: Shock (safe; 6% risk of failure)
Press: ? - help, Q - select action, (/) - cycle Shift-Dir - straight line, f/p - orc
Aim: an orc, wielding a +0 hand axe and wearing a +0 leather armour (heavily wounded, 68% to hit)
The zap hits the orc.
A giant cockroach comes into view.
The orc hits you with a +0 hand axe. Something hits you. 😮 HP[-4] MP[-1]
You take 4 damage, and now have 33/54 hp.
You lost 1 mp, and now have 4/11 mp.
Aiming: Shock (safe; 6% risk of failure)
Press: ? - help, Q - select action, (/) - cycle Shift-Dir - straight line, f/p - orc
Aim: an orc, wielding a +0 hand axe and wearing a +0 leather armour (almost dead, 68% to hit)
The zap misses the orc. x2; The zap misses the giant cockroach.
Something hits you.
The orc hits you with a +0 hand axe. 😮 HP[-4] MP[-1]
You take 4 damage, and now have 29/54 hp.
You lost 1 mp, and now have 3/11 mp.
Aiming: Shock (safe; 6% risk of failure)
Press: ? - help, Q - select action, (/) - cycle Shift-Dir - straight line, f/p - orc
Aim: an orc, wielding a +0 hand axe and wearing a +0 leather armour (almost dead, 68% to hit)
The zap hits the orc.
You kill the orc!
The zap hits the giant cockroach but does no damage.
You hear some strange, mumbled words.
You are confused.
The orc hits you with a +0 hand axe.
* * * LOW HITPOINT WARNING * * *
😨 HP[-5]
You take 5 damage, and now have 24/54 hp.
You're too confused to cast spells.
Unknown command.
The orc attacks as you move away! The orc hits you with a +0 hand axe.
* * * LOW HITPOINT WARNING * * *
You hear some strange, mumbled words.
A puff of flame appears from out of thin air!
The puff of flame hits you!
* * * LOW HITPOINT WARNING * * *
😨 HP[-10]
You take 10 damage, and now have 14/54 hp.
Unknown command.
You're too confused to cast spells.
It was a potion of mutation.
You feel extremely strange.
You feel a little pissed off.
You feel robust.
You now have 59 max hp (+5).
It was a potion of attraction.
You feel attractive to monsters. 😨 HP[+1] You're too confused to cast spells.
A magic dart appears from out of thin air!
The magic dart hits you.
* * * LOW HITPOINT WARNING * * *
Something is attracted toward you.
The orc is attracted toward you. 😱 HP[-6]
You take 6 damage, and now have 9/59 hp.
You miss something.
The giant cockroach is attracted toward you.
Unknown command.
Unknown command.
You closely miss the orc.
You feel less confused.
You hear some strange, mumbled words.
Something tries to affect you, but you resist.
The orc closely misses you.
You aren't carrying any potions.
You barely miss the orc. Something hits you but does no damage.
The orc closely misses you. The orc hits you with a +0 hand axe.
* * * LOW HITPOINT WARNING * * *
Something hits you.
* * * LOW HITPOINT WARNING * * *
😱 HP[-5] MP[+1]
You take 5 damage, and now have 4/59 hp.
As you read the scroll labelled VIHUILA IRINUV, it crumbles to dust.
Wisps of shadow whirl around you...
It was a scroll of summoning.
Something hits you but does no damage. The orc barely misses you.
You aren't carrying any potions.
Unknown command.
You aren't carrying any potions.
Unknown command.
As you read the scroll of summoning, it crumbles to dust.
Wisps of shadow whirl around you... The orc hits you with a +0 hand axe.
You die...

Skill      XL: |  1  2  3  4 |
---------------+-------------+-----
Fighting       | 1 2 3 |  3.9
Spellcasting   | 3 4 |  4.3
Air Magic      | 3 |  3.4
Dodging        | |  1.7
Stealth        | |  1.4
Conjurations   | |  0.8

Action                   |  1- 3 |  4- 6 || total
-------------------------+-------+-------++-------
Melee: Unarmed           |     8 |       ||     8
       Trident           |    18 |    41 ||    59
 Cast: Shock             |    80 |    80 ||   160
  Use: Potion            |       |     7 ||     7
       Scroll            |       |     2 ||     2
 Stab: Sleeping          |     1 |       ||     1
Armor: Robe              |    14 |    33 ||    47
       Skin              |       |    10 ||    10
Dodge: Dodged            |    15 |    55 ||    70

Levels and vault maps discovered:
D:1:      dpeg_arrival_rooms_a, layout_rooms, minmay_statues_item
D:2:      minmay_chambers_of_twos, layout_basic
D:3:      kennysheep_the_goblin_king, layout_basic,
          gammafunk_temple_overflow_pools, serial_shops, nicolae_shop_trees,
          uniq_natasha

Notes
Turn   | Place    | Note
-------+----------+-------------------------------------------
     0 | D:1      | spaghetti the Ogre Air Elementalist began the quest for the
                  | Orb.
     0 | D:1      | Reached XP level 1. HP: 16/16 MP: 3/3
     0 | D:1      | magus.rc [v1.9.6]
   229 | D:1      | Reached XP level 2. HP: 26/26 MP: 3/5
   232 | D:1      | Reached skill level 1 in Fighting
   351 | D:1      | Reached skill level 3 in Spellcasting
   499 | D:1      | You pick up a book of Cantrips and begin reading...
   499 | D:1      | You add the spells Animate Skeleton, Summon Small Mammal
                  | and Apportation to your library.
   763 | D:1      | Reached XP level 3. HP: 35/35 MP: 4/7
   774 | D:1      | Reached skill level 3 in Air Magic
   891 | D:1      | Reached skill level 2 in Fighting
  1366 | D:2      | Reached XP level 4. HP: 44/44 MP: 3/9
  1779 | D:2      | You pick up a book of Cantrips and begin reading...
  1800 | D:2      | Reached skill level 3 in Fighting
  2203 | D:2      | Reached skill level 4 in Spellcasting
  2473 | D:3      | Reached XP level 5. HP: 44/53 MP: 6/11
  2561 | D:3      | Noticed Natasha
  2582 | D:3      | HP: 12/53 [white imp[Natasha] (4)]
  2583 | D:3      | HP: 2/53 [white imp/puff of frost[Natasha] (8)]
  2589 | D:3      | Killed Natasha
  2865 | D:3      | Gained mutation: You tend to lose your temper in combat.
                  | [potion of mutation]
  2865 | D:3      | Gained mutation: You are robust. (+10% HP) [potion of
                  | mutation]
  2867 | D:3      | HP: 9/59 [something/magic dart (6)]
  2870 | D:3      | HP: 4/59 [something (2)]
  2872 | D:3      | Slain by an orc

Vanquished Creatures
  Natasha (D:3)
  7 adders
  2 dart slugs (D:1)
  3 orcs (D:3)
  10 bats
  7 endoplasms
  3 giant cockroaches
  2 goblins (D:1)
  4 hobgoblins
  9 jackals
  5 kobolds
  3 quokkas (D:1)
  2 ball pythons (D:1)
  3 frilled lizards
  8 rats
69 creatures vanquished.

Table legend:
 A = Non-vault XP
 B = Vault XP
 C = Vault XP percentage of total XP
 D = Non-vault monster count
 E = Vault monster count
 F = Vault count percentage of total count
                 A         B        C        D         E       F
            +---------+---------+-------+---------+---------+-------
      Total |     179 |      58 |  24.5 |      60 |       9 |  13.0
            +---------+---------+-------+---------+---------+-------
        D:1 |      48 |       0 |   0.0 |      29 |       0 |   0.0
        D:2 |      86 |      23 |  21.1 |      15 |       8 |  34.8
        D:3 |      45 |      35 |  43.8 |      16 |       1 |   5.9
            +---------+---------+-------+---------+---------+-------

Illustrated notes

Table legend:
 A = Kills in this place as a percentage of kills in entire the game.
 B = Kills by you in this place as a percentage of kills by you in the entire game.
 C = Kills by friends in this place as a percentage of kills by friends in the entire game.
 D = Other kills in this place as a percentage of other kills in the entire game.
 E = Experience gained in this place as a percentage of experience gained in the entire game.
 F = Experience gained in this place divided by the number of levels of this place that you have seen.
                   A       B       C       D       E      F
               +-------+-------+-------+-------+-------+----------------------
         Total | 100.0 | 100.0 |   N/A |   N/A | 100.0 |  79.0
       Dungeon | 100.0 | 100.0 |   N/A |   N/A | 100.0 |  79.0
               +-------+-------+-------+-------+-------+----------------------

Table legend: (Time is in decaauts)
 A = Elapsed time spent in this place.
 B = Non-inter-level travel time spent in this place.
 C = Inter-level travel time spent in this place.
 D = Time resting spent in this place.
 E = Time spent auto-exploring this place.
 F = Levels seen in this place.
 G = Mean time per level.
                   A        B        C        D        E       F      G
               +--------+--------+--------+--------+--------+-----+--------+
         Total |   2888 |   2860 |     28 |    311 |   2187 |   3 |  962.7 |
       Dungeon |   2888 |   2860 |     28 |    311 |   2187 |   3 |  962.7 |
               +--------+--------+--------+--------+--------+-----+--------+

Top non-repeatable levels by time:
     D:2: 1365 daAuts
     D:1: 1071 daAuts
     D:3: 451 daAuts
